 Dungeon Crawl Stone Soup version 0.23-a0-183-gf37f6fb (webtiles) character file.

1030 galech the Chopper (level 8, -4/61 HPs)
             Began as a Demonspawn Fighter on Sept 21, 2018.
             Slain by an orc warrior
             ... wielding a cursed +0 glaive
              (13 damage)
             ... on level 6 of the Dungeon.
             The game lasted 00:05:22 (4910 turns).

galech the Chopper (Demonspawn Fighter)             Turns: 4910, Time: 00:05:23

Health: -4/61      AC: 12    Str: 20    XL:     8   Next: 3%
Magic:  8/8        EV: 10    Int: 10    God:
Gold:   348        SH: 10    Dex: 15    Spells: 7/7 levels left

rFire    . . .     SeeInvis .   a - +0 war axe
rCold    . . .     Gourm    .   c - +0 shield
rNeg     . . .     Faith    .   r - +2 ring mail {rPois}
rPois    +         Spirit   .   u - +0 helmet
rElec    .         Reflect  .   (no cloak)
rCorr    .         Harm     .   (no gloves)
MR       .....                  i - +0 pair of boots
Stlth    +.........             (no amulet)
HPRegen  0.20/turn              g - +4 ring of strength
MPRegen  0.11/turn              (no ring)

@: no status effects
A: claws 1, icy blue scales 1, spiny 1
a: no special abilities


You were on level 6 of the Dungeon.
You were not hungry.

You visited 1 branch of the dungeon, and saw 8 of its levels.

You collected 348 gold pieces.

Inventory:

Hand Weapons
 a - a +0 war axe (weapon)
Armour
 c - a +0 shield (worn)
 i - a +0 pair of boots (worn)
 r - a +2 ring mail of poison resistance (worn)
 u - a +0 helmet (worn)
Jewellery
 g - a +4 ring of strength (left claw)
Scrolls
 b - a scroll of remove curse {unknown}
 h - 3 scrolls of enchant armour {unknown}
 j - 5 scrolls of enchant weapon {unknown}
 k - 3 scrolls of teleportation {unknown}
 l - a scroll of fear {unknown}
 o - 2 scrolls of fog {unknown}
 p - a scroll of identify {unknown}
 q - a scroll of blinking {unknown}
 s - a scroll of random uselessness {unknown}
 t - a scroll of immolation {unknown}
 v - a scroll of magic mapping {unknown}
 w - 2 scrolls of noise {unknown}
 y - a scroll of amnesia {unknown}
Potions
 d - 2 potions of might
 e - a potion of agility {unknown}
 n - a potion of flight {unknown}
 x - 2 potions of heal wounds {unknown}
 z - a potion of degeneration {unknown}
 A - a potion of mutation {unknown}
 B - a potion of ambrosia {unknown}
Comestibles
 f - 10 rations


   Skills:
 + Level 4.5 Fighting
 + Level 5.8 Axes
 + Level 4.0 Armour
 + Level 2.9 Dodging
 + Level 0.4 Stealth
 + Level 4.3 Shields


You had 7 spell levels left.
You didn't know any spells.
Your spell library contained the following spells:

 Spells                   Type           Power        Failure   Level  Hunger
 Sandblast                Erth           #.....       94%         1    ##.....
 Summon Small Mammal      Summ           #...         94%         1    ##.....
 Call Imp                 Summ           #.......     98%         2    ###....
 Passwall                 Tmut/Erth      #.......     98%         2    ###....
 Call Canine Familiar     Summ           #.......     100%        3    ####...
 Stone Arrow              Conj/Erth      #.....       100%        3    ####...
 Summon Guardian Golem    Hex/Summ       #.......     100%        3    ####...
 Petrify                  Tmut/Erth      #.......     100%        4    #####..
 Summon Ice Beast         Ice/Summ       #.......     100%        4    #####..
 Summon Lightning Spire   Summ/Air       #.......     100%        4    #####..
 Lee's Rapid Deconstruct  Erth           #.........   100%        5    ######.


Dungeon Overview and Level Annotations

Branches:
Dungeon (8/15)
 Temple: D:4-7         Lair: D:8-11

Altars:
Xom

Annotations:
D:3 1 runed door, heinrich's ghost, amateur FoFi


Innate Abilities, Weirdness & Mutations

You have sharp fingernails.
You are partially covered in icy blue scales. (AC +2)
You are partially covered in sharp spines.


Message History

The orc warrior is heavily wounded.
The orc warrior hits you with a glaive.
* * * LOW HITPOINT WARNING * * *
You hit the orc warrior.
The orc warrior is severely wounded.
The orc warrior hits you but does no damage.
You hit the orc warrior but do no damage.
The orc warrior is severely wounded.
The orc warrior is struck by your spines.
The orc warrior barely misses you.
You hit the orc warrior but do no damage.
The orc warrior is almost dead.
The orc warrior barely misses you.
You closely miss the orc warrior.
The orc warrior is almost dead.
You block the orc warrior's attack.
You hit the orc warrior but do no damage.
The orc warrior is almost dead.
The orc warrior hits you with a glaive!
You die...

#.....#
#.....+
#.....#
#.....#
#..[..#
###'#######
#..........
#.[........
...
#@[........
##...
#o[........
.....
#.....##...
#...
####### ###
##... #....
#.../ #....
#<.. ####


You could see an orc warrior.

Vanquished Creatures
  Eustachio (D:4)
  An ice beast (D:5)
  A phantom (D:5)
  A scorpion (D:5)
  A crimson imp (D:5)
  A centaur zombie (D:5)
  A hound (D:3)
  3 orc priests
  A jelly (D:5)
  2 orc wizards
  A bullfrog skeleton (D:4)
  4 worker ants (D:4)
  2 hound skeletons
  10 adders
  A shadow imp (D:3)
  2 oozes
  An adder skeleton (D:5)
  2 worms
  A dart slug (D:1)
  A leopard gecko (D:3)
  17 orcs
  2 ball pythons
  4 bats
  2 giant cockroaches
  20 goblins
  13 hobgoblins
  6 jackals
  3 quokkas
  6 frilled lizards
  A kobold (D:1)
  A leopard gecko skeleton (D:4)
  A quokka zombie (D:5)
  7 rats
121 creatures vanquished.

Notes
Turn   | Place    | Note
-------+----------+-------------------------------------------
     0 | D:1      | galech the Demonspawn Fighter began the quest for the Orb.
     0 | D:1      | Reached XP level 1. HP: 18/18 MP: 1/1
    55 | D:1      | Gained mutation: You are partially covered in icy blue
                  | scales. (AC +2) [demonic ancestry]
    55 | D:1      | Reached XP level 2. HP: 24/24 MP: 2/2
   446 | D:2      | Reached skill level 2 in Axes
   478 | D:2      | Reached XP level 3. HP: 15/29 MP: 3/3
  1266 | D:2      | Gained mutation: You are partially covered in sharp spines.
                  | [demonic ancestry]
  1266 | D:2      | Reached XP level 4. HP: 32/35 MP: 4/4
  1565 | D:3      | Reached skill level 3 in Axes
  1587 | D:3      | Found a runed door.
  1592 | D:3      | Noticed heinrich's ghost (amateur FoFi)
  1690 | D:3      | Reached XP level 5. HP: 36/42 MP: 5/5
  1801 | D:3      | Reached skill level 1 in Dodging
  2411 | D:4      | Reached skill level 4 in Axes
  2421 | D:4      | Noticed Eustachio
  2715 | D:4      | Killed Eustachio
  2715 | D:4      | Reached XP level 6. HP: 16/48 MP: 6/6
  3339 | D:4      | Reached XP level 7. HP: 34/54 MP: 7/7
  3579 | D:5      | Entered Level 5 of the Dungeon
  3595 | D:5      | Found a shimmering altar of Xom.
  4123 | D:5      | Reached skill level 5 in Axes
  4197 | D:5      | You fall through a shaft for 3 floors!
  4644 | D:6      | Gained mutation: You have sharp fingernails. [demonic
                  | ancestry]
  4644 | D:6      | Reached XP level 8. HP: 41/61 MP: 8/8
  4910 | D:6      | Slain by an orc warrior

Vault maps used:
D:1:      nicolae_arrival_washed_ashore
D:2:      kennysheep_the_goblin_king, bh_walls_and_bars
D:3:      cheibrodos_greedy_goblins, serial_corexii_hall,
          corexii_hall_statues_l, corexii_hall_statues_l,
          corexii_hall_statues_l, ebering_ghost_reflecting_pool, st_stairs_7
D:4:      uniq_eustachio
D:5:      nicolae_overflow_hidden_temple, first_ration
D:6:      minmay_temple_entry_glassed_door, uniq_blork_the_orc
D:7:      gammafunk_ghost_grave
D:8:      lair_entry_dummy

Skill      XL: |  1  2  3  4  5  6  7 |
---------------+----------------------+-----
Shields        | 3 4 |  4.3
Armour         | 3 4 |  4.0
Axes           | 2 3 4 5 |  5.8
Dodging        | 1 2 |  2.9
Fighting       | 4 |  4.5
Stealth        | |  0.4

Action                   |  1- 3 |  4- 6 |  7- 9 || total
-------------------------+-------+-------+-------++-------
Melee: War axe           |    95 |   164 |   116 ||   375
  Eat: Chunk             |     1 |     7 |     5 ||    13
Armor: Scale mail        |    62 |    21 |       ||    83
       Ring mail         |       |    81 |    36 ||   117
Dodge: Dodged            |    29 |    55 |    36 ||   120
Block: Shield            |    63 |    82 |    57 ||   202

Table legend:
 A = Non-vault XP
 B = Vault XP
 C = Vault XP percentage of total XP
 D = Non-vault monster count
 E = Vault monster count
 F = Vault count percentage of total count
                 A         B        C        D         E       F
            +---------+---------+-------+---------+---------+-------
      Total |    1216 |     256 |  17.4 |      98 |      23 |  19.0
            +---------+---------+-------+---------+---------+-------
        D:1 |      30 |       0 |   0.0 |      13 |       0 |   0.0
        D:2 |      62 |      12 |  16.2 |      17 |       7 |  29.2
        D:3 |     181 |      30 |  14.2 |      25 |      15 |  37.5
        D:4 |     322 |     214 |  39.9 |      18 |       1 |   5.3
        D:5 |     512 |       0 |   0.0 |      18 |       0 |   0.0
        D:6 |      91 |       0 |   0.0 |       6 |       0 |   0.0
        D:7 |      18 |       0 |   0.0 |       1 |       0 |   0.0
            +---------+---------+-------+---------+---------+-------
